 Dungeon Crawl Stone Soup version 0.15.1-1-gfacfea3 (webtiles) character file.

217 CrazyArbalest the Sneak (level 5, -3/25 HPs)
             Began as a Spriggan Enchanter on Sept 21, 2014.
             Slain by Edmund
             ... wielding a +4 flail of crushing
              (9 damage)
             ... on Level 4 of the Dungeon.
             The game lasted 00:12:35 (2539 turns).

CrazyArbalest the Sneak (Spriggan Enchanter)        Turns: 2539, Time: 00:12:35

HP  -3/25        AC  6     Str  5      XL: 5   Next: 62%
MP   3/15        EV 13     Int 17      God:
Gold 155         SH  0     Dex 16      Spells:  2 memorised,  5 levels left

rFire  . . .     SeeInvis +     h - +0 dagger (venom)
rCold  . . .     Clarity  .     w - +0 mottled dragon armour
rNeg   . . .     rCorr    .     (shield restricted)
rPois  .         rRot     .     (helmet restricted)
rElec  .         Spirit   .     (no cloak)
SustAb .         Warding  .     (gloves unavailable)
rMut   .         Stasis   .     (boots unavailable)
Gourm  .                        (no amulet)
MR     .....                    (no ring)
                                u - ring of invisibility

@: very slightly contaminated, very quick, not resistant to hostile
enchantments, stealthy
A: unfitting armour, see invisible, herbivore 3, speed 3, slow metabolism 2
a: Evoke Invisibility


You were on level 4 of the Dungeon.
You were not hungry.

You visited 1 branch of the dungeon, and saw 4 of its levels.

You collected 155 gold pieces.

Inventory:

Hand weapons
 a - a +1 dagger
 h - a +0 dagger of venom (weapon)
Armour
 b - a +1 robe
 w - a +0 mottled dragon armour (worn)
Comestibles
 r - a bread ration
Scrolls
 f - a scroll of teleportation {unknown}
 k - a scroll of enchant armour {unknown}
 l - 2 scrolls of identify {unknown}
 p - 2 scrolls of remove curse {unknown}
 q - a scroll of magic mapping {unknown}
 v - a scroll of blinking {unknown}
 x - a scroll of immolation {unknown}
Jewellery
 u - a ring of invisibility (left hand)
Potions
 d - a potion of porridge
 e - a potion of haste {unknown}
 g - 4 potions of curing
 i - a potion of agility {unknown}
 j - a potion of flight {unknown}
 m - a potion of restore abilities {unknown}
 n - a potion of might {unknown}
 o - a potion of heal wounds {unknown}
 s - a potion of poison {unknown}
 t - a potion of mutation {unknown}
Books
 c - a book of Maledictions

   Spells                             Type                      Level
   *Corona                            Hexes                        1
   Sure Blade                         Hexes/Charms                 2
   Ensorcelled Hibernation            Hexes/Ice                    2
   *Confuse                           Hexes                        3
   Dazzling Spray                     Conjuration/Hexes            3
   Enslavement                        Hexes                        4


   Skills:
 + Level 0.8 Fighting
 + Level 2.3 Short Blades
 + Level 4.9 Dodging
 + Level 7.5 Stealth
 + Level 2.9 Spellcasting
 + Level 3.9 Hexes


You had 5 spell levels left.
You knew the following spells:

 Your Spells              Type           Power        Failure   Level  Hunger
a - Corona                Hex            ###....      6%          1    None
b - Confuse               Hex            ###.....     17%         3    ###....


Dungeon Overview and Level Annotations

Branches:
Dungeon (4/15)
 Temple: D:4-7

Altars:

Annotations:
D:3 CrazyArbalest's ghost, weakling SpEn
D:4 Edmund


Innate Abilities, Weirdness & Mutations

You are tiny and cannot use many weapons and most armour.
You have supernaturally acute eyesight.
You are a herbivore.
You cover ground extremely quickly.
You need consume almost no food.


Message History

Press: ? - help, Shift-Dir - straight line, f/p - Edmund
Aim: Edmund, wielding a glowing flail and wearing a glowing leather armour (severely wounded)
You miscast Confuse.
Waves of light ripple over your body.
Edmund asks, "Have you met my wondrous brother?"
You aren't carrying any items that can be evoked.
Unknown command.
Unknown command.
Edmund closely misses you.
You hit Edmund but do no damage.
Edmund is poisoned.
Edmund is severely wounded.
Edmund hits you with a glowing flail.
* * * LOW HITPOINT WARNING * * *
Found a cutlass.
Drop what? (_ for help) (? for menu, Esc to quit)
Okay, then.
Unknown command.
You hit Edmund but do no damage.
Edmund looks even sicker.
Edmund is severely wounded.
Edmund hits you with a glowing flail!
You die...

#.......##........##.#
##...<.###.####.#.##.#
##...## #.# ##.#.##.#
##+# #.# #....##.#
#.###..#.##.# #
#...).......# ####.
#######.#######
).....>##..<# #.#
........@.#.# #@#
.......##@..# #.#
####. ##.####.# #
#......# ########


You could see Edmund.

Vanquished Creatures
  Sigmund (D:3)
  Ijyb (D:2)
  4 adders
  A giant mite (D:1)
  A worm (D:2)
  4 giant geckos
  7 orcs (D:3)
  7 bats
  2 giant cockroaches
  6 goblins
  7 hobgoblins
  8 kobolds
  2 quokkas
  6 giant newts
  10 rats
67 creatures vanquished.

Notes
Turn   | Place    | Note
--------------------------------------------------------------
     0 | D:1      | CrazyArbalest, the Spriggan Enchanter, began the quest for the Orb.
     0 | D:1      | Reached XP level 1. HP: 9/9 MP: 4/4
   140 | D:1      | Reached XP level 2. HP: 2/13 MP: 7/7
   437 | D:1      | Reached skill level 5 in Stealth
   845 | D:1      | Reached XP level 3. HP: 12/16 MP: 9/9
  1252 | D:2      | Reached skill level 6 in Stealth
  1300 | D:2      | Reached XP level 4. HP: 11/21 MP: 12/12
  1436 | D:2      | Noticed Ijyb
  1463 | D:2      | Killed Ijyb
  1777 | D:3      | Noticed CrazyArbalest's ghost (weakling SpEn)
  1807 | D:3      | Learned a level 3 spell: Confuse
  1817 | D:3      | Reached skill level 7 in Stealth
  2121 | D:3      | Reached XP level 5. HP: 17/25 MP: 15/15
  2135 | D:3      | Noticed Sigmund
  2343 | D:3      | Killed Sigmund
  2486 | D:4      | Noticed Edmund
  2539 | D:4      | Slain by Edmund

Action                   |  1- 3 |  4- 6 || total
-------------------------+-------+-------++-------
Melee: Dagger            |    91 |   134 ||   225
 Cast: Confuse           |       |     2 ||     2
  Use: Potion            |       |     1 ||     1
 Stab: Sleeping          |    15 |     9 ||    24
       Distracted        |     1 |       ||     1
